 Dungeon Crawl Stone Soup version 0.30-a0-1016-gfb0d676c02 (webtiles) character file.

Game seed: 6634650456363332444

45 DeathPants the Ruffian (level 3, -1/29 HPs)
             Began as a Draconian Transmuter on Apr 6, 2023.
             Slain by a worm (9 damage)
             ... on level 2 of the Dungeon.
             The game lasted 00:02:23 (709 turns).

DeathPants the Ruffian (Draconian Transmuter)        Turns: 709, Time: 00:02:24

Health: -1/29      AC:  5    Str: 14    XL:     3   Next: 42%
Magic:  5/6        EV: 12    Int: 13    God:
Gold:   57         SH:  0    Dex: 11    Spells: 5/6 levels left

rFire   . . .      SeeInvis .      - Unarmed
rCold   . . .      Faith    .    (no shield)
rNeg    . . .      Spirit   .    (body armour unavailable)
rPois   .          Reflect  .    (helmet currently unavailable)
rElec   .          Rampage  .    (no cloak)
rCorr   .                        (no gloves)
Will    .....                    (boots currently unavailable)
Stlth   +                        (no amulet)
HPRegen 0.24/turn                (no ring)
MPRegen 0.10/turn                (no ring)

@: appendages, slowed, very slow
A: horns 2, talons 2, AC +5, unfitting armour, cold-blooded
a: End Transformation


You were on level 2 of the Dungeon.
You had temporarily grown beastly horns and talons.
You visited 1 branch of the dungeon, and saw 2 of its levels.

You collected 57 gold pieces.

Inventory:

Scrolls
 b - a scroll of identify {unknown}
 f - a scroll of enchant armour {unknown}
Potions
 a - a potion of lignification
 c - a potion of curing {unknown}
 d - a potion of brilliance {unknown}
 e - a potion of haste {unknown}


   Skills:
 + Level 1.8 Fighting
 + Level 2.2 Dodging
 + Level 3.3 Unarmed Combat
 + Level 2.3 Spellcasting
 + Level 2.4 Transmutations


You had 5 spell levels left.
You knew the following spells:

 Your Spells              Type           Power      Damage    Failure   Level
a - Beastly Appendage     Tmut           14%        N/A       9%          1

Your spell library contained the following spells:

 Spells                   Type           Power      Damage    Failure   Level
 Wereblood                Tmut           7%         N/A       14%         2
 Spider Form              Tmut/Pois      4%         N/A       41%         3
 Ice Form                 Ice/Tmut       4%         N/A       83%         4


Dungeon Overview and Level Annotations

Branches:
Dungeon (2/15)

Altars:


Innate Abilities, Weirdness & Mutations

You have temporarily grown beastly horns and talons.
Your plain brown scales are hard. (AC +5)
You cannot fit into any form of body armour.
You are cold-blooded and may be slowed by cold attacks.


Message History

Your surroundings suddenly seem different.
A frilled lizard, a quokka, an endoplasm, a worm and a dart slug come into view.
Found 26 gold pieces, a leather armour, a runed orb and a buckler.
The dart slug launches a dart at you.
The slug dart hits you but does no damage.
Casting: Beastly Appendage (safe; 9% risk of failure)
Press: ? - help, Q - select action Dir - look around, f - activate You grow a pair of large bovine horns.
Your feet morph into talons.
The endoplasm quivers.
The frilled lizard closely misses you.
You barely miss the endoplasm. Your kick misses the endoplasm.
Your tail-slap misses the endoplasm.
The endoplasm freezes you.
You are frozen.
You feel yourself slow down. The frilled lizard misses you.
You barely miss the endoplasm. You claw the endoplasm.
The endoplasm is moderately wounded.
The quokka misses you. The endoplasm freezes you.
You are frozen.
You feel as though you will be slow longer.
The frilled lizard barely misses you. The quokka bites you.
You hit the endoplasm but do no damage. You headbutt the endoplasm.
The endoplasm is almost dead.
The endoplasm freezes you.
You are frozen.
The frilled lizard bites you but does no damage.
The quokka bites you. The endoplasm hits you.
The frilled lizard bites you but does no damage.
You hit the endoplasm.
You kill the endoplasm!
The quokka misses you. The worm barely misses you.
The frilled lizard barely misses you. The quokka barely misses you.
You hit the worm but do no damage. You claw the worm. You headbutt the worm!
You tail-slap the worm.
The worm is severely wounded.
The quokka barely misses you. The frilled lizard closely misses you.
The dart slug bites you.
* * * LOW HITPOINT WARNING * * *
The worm bites you!
You die...

######
#.l@.#
#..rww.#
#.[##$.#
...[ $.#
#....
..#
##..#
.## #..
## ##


You could see a worm, a dart slug, a quokka and a frilled lizard.

Vanquished Creatures
  An adder (D:2)
  2 worms (D:2)
  2 dart slugs (D:1)
  4 ball pythons
  3 endoplasms
  A goblin (D:1)
  3 jackals (D:1)
  A quokka (D:2)
  2 bats (D:1)
  3 frilled lizards (D:1)
  4 kobolds (D:1)
26 creatures vanquished.

Notes
Turn   | Place    | Note
-------+----------+-------------------------------------------
     0 | D:1      | DeathPants the Draconian Transmuter began the quest for the
                  | Orb.
     0 | D:1      | Reached XP level 1. HP: 16/16 MP: 3/3
   129 | D:1      | Reached XP level 2. HP: 23/23 MP: 3/5
   534 | D:2      | Reached XP level 3. HP: 15/29 MP: 4/6
   709 | D:2      | Slain by a worm

Illustrated notes

Levels and vault maps discovered:
D:1:      heliophobic_arrival_battle_scene, layout_rooms
D:2:      layout_loops_cross, chequers_ecumenical_altar_twisty,
          minmay_randomly_rotated_circles, uniq_sigmund

Skill      XL: |  1  2 |
---------------+-------+-----
Dodging        | 2 |  2.2
Fighting       | |  1.8
Unarmed Combat | |  3.3
Spellcasting   | |  2.3
Transmutations | |  2.4

Action                     || total
---------------------------++-------
  Melee: Unarmed           ||    74
         Kick              ||    16
         Tailslap          ||    11
         Headbutt          ||    12
         Punch             ||     1
   Cast: Beastly Appendage ||    12
 Armour: Skin              ||    24
  Dodge: Dodged            ||    72

Table legend: (Time is in decaauts)
 A = Elapsed time spent in this place.
 B = Non-inter-level travel time spent in this place.
 C = Inter-level travel time spent in this place.
 D = Time resting spent in this place.
 E = Time spent auto-exploring this place.
 F = Levels seen in this place.
 G = Mean time per level.
                   A        B        C        D        E       F      G
               +--------+--------+--------+--------+--------+-----+--------+
         Total |    707 |    681 |     26 |      0 |    427 |   2 |  353.5 |
       Dungeon |    707 |    681 |     26 |      0 |    427 |   2 |  353.5 |
               +--------+--------+--------+--------+--------+-----+--------+

Top non-repeatable levels by time:
     D:1: 507 daAuts
     D:2: 200 daAuts
